 Dungeon Crawl Stone Soup version 0.30-a0-847-g17996783a1 (webtiles) character file.

Game seed: 4514515695221824479

96 holysushi the Cutter (level 4, 0/35 HPs)
             Began as a Demonspawn Monk on Mar 3, 2023.
             Slain by an orc
             ... wielding a +2 mace of holy wrath
              (5 damage)
             ... on level 3 of the Dungeon.
             The game lasted 00:02:18 (1786 turns).

holysushi the Cutter (Demonspawn Monk)              Turns: 1786, Time: 00:02:19

Health: 0/35       AC:  3    Str: 17    XL:     4   Next: 41%
Magic:  4/4        EV: 13    Int: 12    God:
Gold:   181        SH:  0    Dex: 17    Spells: 3/3 levels left

rFire   . . .      SeeInvis .    a - +0 short sword
rCold   . . .      Faith    .    (no shield)
rNeg    . . .      Spirit   .    b - +0 robe
rPois   .          Reflect  .    (helmet restricted)
rElec   .          Rampage  .    g - +0 cloak
rCorr   .                        (no gloves)
Will    .....                    (no boots)
Stlth   ++                       (no amulet)
HPRegen 0.25/turn                n - +6 ring of strength
MPRegen 0.18/turn                (no ring)

@: no status effects
A: horns 1, magic regeneration, sturdy frame 1
a: no special abilities


You were on level 3 of the Dungeon.
You visited 1 branch of the dungeon, and saw 3 of its levels.

You collected 181 gold pieces.

Inventory:

Hand Weapons
 a - a +0 short sword (weapon)
Armour
 b - a +0 robe (worn)
 g - a +0 cloak (worn)
Jewellery
 i - a ring of fire
 n - a +6 ring of strength (left hand)
Scrolls
 d - a scroll of poison {unknown}
 e - 4 scrolls of identify {unknown}
 h - a scroll of teleportation {unknown}
 k - a scroll of vulnerability {unknown}
 l - a scroll of amnesia {unknown}
 p - 2 scrolls of noise {unknown}
 q - a scroll of magic mapping {unknown}
 r - a scroll of enchant weapon {unknown}
Potions
 c - a potion of ambrosia
 f - a potion of resistance {unknown}
 j - a potion of heal wounds {unknown}
 m - a potion of degeneration {unknown}
 o - a potion of curing {unknown}
 s - a potion of might {unknown}


   Skills:
 - Level 3.0 Fighting
 + Level 4.8 Short Blades
 - Level 2.6 Dodging
 - Level 1.7 Stealth


You had 3 spell levels left.
You didn't know any spells.
Your spell library contained the following spells:

 Spells                   Type           Power      Damage    Failure   Level
 Magic Dart               Conj           0%         1d3       32%         1
 Call Imp                 Summ           0%         N/A       45%         2
 Mephitic Cloud           Conj/Pois/Air  0%         N/A       69%         3


Dungeon Overview and Level Annotations

Branches:
Dungeon (3/15) Zot: 16247

Altars:


Innate Abilities, Weirdness & Mutations

You have a pair of small horns on your head.
You regenerate magic rapidly.
Your movements are slightly less encumbered by armour. (ER -2)


Message History

The orc closely misses you.
The orc priest calls down the wrath of Beogh upon you.
Beogh smites you! The bat hits you but does no damage.
The bat completely misses you.
There is a stone staircase leading up here.
The bat closely misses you. The orc barely misses you.
You climb upwards.
There is a stone staircase leading down here.
You closely miss the orc. The orc barely misses you.
You barely miss the orc. The orc hits you but does no damage.
You hit the orc but do no damage. Your headbutt misses the orc.
You closely miss the orc. The orc misses you.
You hit the orc.
The orc is almost dead.
The orc hits you with a +0 hand axe.
You barely miss the orc.
The orc is almost dead.
You hit the orc.
You kill the orc!
Things that are here:
a +0 hand axe; an orc corpse You start resting.
HP restored.
There is a stone staircase leading down, spattered with blood here.
There is a stone staircase leading down, spattered with blood here.
You climb downwards.
The orc priest looks satisfied for a moment.
The orc closely misses you. The bat hits you but does no damage.
The orc hits you with a +2 mace of holy wrath.
You convulse.
There is a stone staircase leading up here.
The bat hits you but does no damage. The bat closely misses you.
The orc priest calls down the wrath of Beogh upon you.
Beogh smites you!
* * * LOW HITPOINT WARNING * * *
The orc hits you with a +2 mace of holy wrath.
* * * LOW HITPOINT WARNING * * *
You convulse.
You die...

###############
#.#.#.........###
#.#....ob#≈~...#
#.#[..o@≈≈~~#
#.#.....~≈≈≈##+#
#.#.)..~≈≈≈#...
#.....~≈≈≈#._.#
#.#....~~≈≈#...#≈≈
#.#..##..~≈≈#####≈≈
.#.##....~≈≈≈≈≈≈≈≈≈
#.#..>#...≈≈≈≈≈≈≈≈≈
#.#.#.##...~~≈≈≈≈≈~≈


You could see an orc priest, an orc and a bat.

Vanquished Creatures
  3 gnolls
  A worm (D:2)
  A dart slug (D:1)
  5 orcs
  2 ball pythons
  5 bats (D:1)
  5 endoplasms
  4 giant cockroaches
  4 hobgoblins
  2 quokkas
  A frilled lizard (D:1)
  9 goblins
  6 kobolds
  3 rats
51 creatures vanquished.

Notes
Turn   | Place    | Note
-------+----------+-------------------------------------------
     0 | D:1      | holysushi the Demonspawn Monk began the quest for the Orb.
     0 | D:1      | Reached XP level 1. HP: 18/18 MP: 1/1
    52 | D:1      | Reached skill level 3 in Short Blades
   213 | D:1      | Gained mutation: Your movements are slightly less
                  | encumbered by armour. (ER -2) [demonic ancestry]
   213 | D:1      | Reached XP level 2. HP: 24/24 MP: 2/2
   796 | D:1      | Reached skill level 4 in Short Blades
   796 | D:1      | Gained mutation: You have a pair of small horns on your
                  | head. [demonic ancestry]
   796 | D:1      | Reached XP level 3. HP: 15/29 MP: 3/3
  1035 | D:2      | Gained mutation: You regenerate magic rapidly. [demonic
                  | ancestry]
  1035 | D:2      | Reached XP level 4. HP: 30/35 MP: 4/4
  1397 | D:2      | Identified the +2 helmet of the Jabberwock {Rampage Drain
                  | rN+ Regen+}
  1709 | D:3      | Found a faded altar of an unknown god.
  1786 | D:3      | Slain by an orc

Illustrated notes

Levels and vault maps discovered:
D:1:      sevenhm_arrival_forest_fort_small_4, layout_loops_ring
D:2:      layout_loops_ring, item_on_display_a
D:3:      layout_rooms, amcnicky_altar_gilded, nicolae_ecumenical_lake_church,
          serial_curves, eino_curves_01, eino_curves_04, minmay_door_square,
          minivault_23

Skill      XL: |  1  2 |
---------------+-------+-----
Short Blades   | 3 4 |  4.8
Fighting       | |  3.0
Dodging        | |  2.6
Stealth        | |  1.7

Action                     |  1- 3 |  4- 6 || total
---------------------------+-------+-------++-------
  Melee: Short sword       |   112 |    65 ||   177
         Headbutt          |    10 |     8 ||    18
   Stab: Sleeping          |     6 |     4 ||    10
         Distracted        |     1 |       ||     1
 Armour: Robe              |    14 |    17 ||    31
  Dodge: Dodged            |    68 |    46 ||   114

Table legend: (Time is in decaauts)
 A = Elapsed time spent in this place.
 B = Non-inter-level travel time spent in this place.
 C = Inter-level travel time spent in this place.
 D = Time resting spent in this place.
 E = Time spent auto-exploring this place.
 F = Levels seen in this place.
 G = Mean time per level.
                   A        B        C        D        E       F      G
               +--------+--------+--------+--------+--------+-----+--------+
         Total |   1751 |   1703 |     48 |    180 |   1099 |   3 |  583.7 |
       Dungeon |   1751 |   1703 |     48 |    180 |   1099 |   3 |  583.7 |
               +--------+--------+--------+--------+--------+-----+--------+

Top non-repeatable levels by time:
     D:1: 877 daAuts
     D:2: 694 daAuts
     D:3: 179 daAuts
